 Dungeon Crawl Stone Soup version 0.24.0-1-gfbc8707 (webtiles) character file.

Game seed: 5843573565087978880, levelgen mode: deterministic

163396 porkupine the Impaler (level 17, 0/158 HPs)
             Began as a Minotaur Abyssal Knight on Nov 6, 2019.
             Was the Champion of Lugonu.
             Hit by a silver javelin thrown by a merfolk javelineer (6 damage)
             ... on level 4 of the Shoals.
             The game lasted 03:55:38 (38908 turns).

porkupine the Impaler (Minotaur Abyssal Knight)    Turns: 38908, Time: 03:55:39

Health: 0/158      AC: 29    Str: 19    XL:     17   Next: 23%
Magic:  23/23      EV:  8    Int: 13    God:    Lugonu [******]
Gold:   800        SH:  0    Dex:  9    Spells: 16/16 levels left

rFire    + + .     SeeInvis .   a - +9 halberd (distort)
rCold    . . .     Gourm    .   (shield currently unavailable)
rNeg     + + +     Faith    .   P - +5 plate armour {MR+}
rPois    +         Spirit   .   U - +1 hat {Int+3}
rElec    +         Reflect  .   G - +2 cloak
rCorr    .         Harm     .   (no gloves)
MR       +++++     Rnd*Rage +   O - +1 pair of boots {run}
Stlth    ..........             J - necklace of Bloodlust {*Rage +Rage MR++ Int-3 Slay+6 *Curse}
HPRegen  0.36/turn              A - ring "Esapp" {*Drain rElec rF+ rN++ Int+4}
MPRegen  0.18/turn              z - ring of Nihirgh {+Inv rPois rF+ rN+ Str-4}

@: confused, studying Stealth, very slow
A: retaliatory headbutt, horns 2, clumsy 1, magic resistance 1, poison
resistance
a: Depart the Abyss, Bend Space, Banish, Corrupt, Enter the Abyss, Renounce
Religion, Evoke Berserk Rage, Evoke Invisibility


You were on level 4 of the Shoals.
You worshipped Lugonu.
Lugonu was exalted by your worship.
You were not hungry.

You visited 5 branches of the dungeon, and saw 28 of its levels.
You visited the Abyss 2 times.
You also visited: Bailey and Ice Cave.

You collected 3016 gold pieces.
You spent 2216 gold pieces at shops.

Inventory:

Hand Weapons
 a - a +9 halberd of distortion (weapon)
 F - a +9 quarterstaff of draining
 M - the +7 broad axe "Enuthogg" {protect, *Drain +Rage +Fly Int-5}
   (You found it on level 8 of the Dungeon)

   It grants its wielder temporary protection when it strikes (+7 to AC).
   It affects your intelligence (-5).
   It lets you fly.
   It lets you go berserk.
   It causes draining when unequipped.
Missiles
 T - 8 throwing nets (quivered)
Armour
 k - the +2 pair of boots of Koiblaidgh {Dex+4}
   (You bought it in a shop on level 2 of the Orcish Mines)

   It affects your dexterity (+4).
 E - a +2 buckler of positive energy
 G - a +2 cloak (worn)
 K - a +2 pair of boots of flying
 O - a +1 pair of boots of running (worn)
 P - a +5 plate armour of magic resistance (worn)
 S - a +2 plate armour of fire resistance
 U - a +1 hat of intelligence (worn)
 Z - a +0 crystal plate armour of cold resistance
Jewellery
 j - an uncursed ring of see invisible
 z - the ring of Nihirgh (right hand) {+Inv rPois rF+ rN+ Str-4}
   (You found it on level 7 of the Dungeon)

   [ring of positive energy]

   It affects your strength (-4).
   It protects you from fire.
   It protects you from poison.
   It protects you from negative energy.
   It lets you turn invisible.
 A - the ring "Esapp" (left hand) {*Drain rElec rF+ rN++ Int+4}
   (You bought it in a shop on level 4 of the Shoals)

   [ring of protection from fire]

   It affects your intelligence (+4).
   It protects you from fire.
   It insulates you from electricity.
   It greatly protects you from negative energy.
   It causes draining when unequipped.
 J - the necklace of Bloodlust (around neck) {*Rage +Rage MR++ Int-3 Slay+6 *Curse}
   (You bought it in a shop on level 2 of the Orcish Mines)

   [amulet of rage]

   It affects your intelligence (-3).
   It affects your accuracy and damage with ranged weapons and melee attacks
   (+6).
   It affects your resistance to hostile enchantments.
   It lets you go berserk.
   It may make you go berserk in combat.
   It curses itself when equipped.
 L - a +5 ring of protection
Wands
 h - a wand of paralysis (5)
 I - a wand of digging (4)
 N - a wand of flame (39)
 R - a wand of disintegration (18)
 W - a wand of polymorph (20)
 X - a wand of enslavement (12)
 Y - a wand of random effects (14)
Scrolls
 l - 9 scrolls of remove curse
 m - 6 scrolls of teleportation
 q - 2 scrolls of magic mapping
 s - 5 scrolls of identify
 u - a scroll of summoning
 v - a scroll of blinking
 y - 2 scrolls of fear
Potions
 f - 2 potions of magic
 i - 3 potions of lignification
 n - a potion of cancellation
 r - 3 potions of might
 t - 2 potions of agility
 C - 6 potions of curing
 D - 6 potions of flight
 V - 2 potions of resistance
Books
 b - a manual of Stealth
Miscellaneous
 e - a phial of floods
 o - a lightning rod (4/4)
 Q - a lamp of fire
Comestibles
 c - 41 rations


   Skills:
 + Level 15.8 Fighting
 + Level 13.6(17.1) Axes
 + Level 17.4(19.0) Polearms
 + Level 3.1(12.1) Staves
   Level 3.0 Crossbows
 + Level 1.4 Throwing
 + Level 16.2 Armour
 + Level 4.4 Dodging
 + Level 3.3 Stealth
 + Level 6.6 Shields
 + Level 9.7 Invocations
 - Level 10.0 Evocations


You had 16 spell levels left.
You didn't know any spells.
Your spell library contained the following spells:

 Spells                   Type           Power        Failure   Level  Hunger
 Animate Skeleton         Necr           N/A          98%         1    ##.....
 Freeze                   Ice            #...         98%         1    ##.....
 Pain                     Necr           #...         98%         1    ##.....
 Sandblast                Erth           #.....       98%         1    ##.....
 Ensorcelled Hibernation  Hex/Ice        #.....       99%         2    ###....
 Passwall                 Tmut/Erth      #.......     99%         2    ###....
 Throw Frost              Conj/Ice       #.....       99%         2    ###....
 Confuse                  Hex            #.......     100%        3    ####...
 Ozocubu's Armour         Chrm/Ice       #.......     100%        3    ####...
 Regeneration             Chrm/Necr      #.........   100%        3    ####...
 Stone Arrow              Conj/Erth      #.....       100%        3    ####...
 Vampiric Draining        Necr           #.........   100%        3    ####...
 Animate Dead             Necr           N/A          100%        4    #####..
 Ice Form                 Ice/Tmut       #.......     100%        4    #####..
 Leda's Liquefaction      Hex/Erth       #.........   100%        4    #####..
 Petrify                  Tmut/Erth      #.......     100%        4    #####..
 Summon Ice Beast         Ice/Summ       #.......     100%        4    #####..
 Throw Icicle             Conj/Ice       #.......     100%        4    #####..
 Bolt of Magma            Conj/Fire/Erth #.........   100%        5    ######.
 Borgnjor's Vile Clutch   Necr/Erth      #.........   100%        5    ######.
 Lee's Rapid Deconstruct  Erth           #.........   100%        5    ######.
 Metabolic Englaciation   Hex/Ice        #.........   100%        5    ######.
 Silence                  Hex/Air        #.........   100%        5    ######.
 Bolt of Cold             Conj/Ice       #.........   100%        6    #######
 Darkness                 Hex            #.........   100%        6    #######
 Freezing Cloud           Conj/Ice/Air   #.........   100%        6    #######
 Iron Shot                Conj/Erth      #.........   100%        6    #######
 Ozocubu's Refrigeration  Ice            #.........   100%        6    #######
 Poison Arrow             Conj/Pois      #.........   100%        6    #######
 Shadow Creatures         Summ           N/A          100%        6    #######
 Simulacrum               Ice/Necr       #.........   100%        6    #######
 Statue Form              Tmut/Erth      #........    100%        6    #######
 Chain Lightning          Conj/Air       #.........   100%        8    #######
 Lehudib's Crystal Spear  Conj/Erth      #.........   100%        8    #######
 Fire Storm               Conj/Fire      #.........   100%        9    #######
 Glaciate                 Conj/Ice       #.........   100%        9    #######
 Shatter                  Erth           #.........   100%        9    #######


Dungeon Overview and Level Annotations

Branches:
Dungeon (15/15) Temple (0/1) D:7 Lair (6/6) D:10 Shoals (4/4) Lair:4 Snake (0/4) Lair:4 Slime (0/5) Lair:5 Orc (2/2) D:9 Elf (0/3) Orc:2 Vaults (0/5) D:13 D:14 Depths (1/5) D:15 Bailey (visited) IceCv (visited)

Altars:
Ashenzari
Dithmenos
Fedhas
Gozag
Hepliaklqana
Qazlal
Xom
The Shining One
Beogh

Shops:
D:5 =   D:9 :   D:13 !   D:14 *   Orc:1 *   Orc:2 (=[*   Shoals:4 =

Portals:
Ziggurat: Depths:1

Annotations:
D:4 3 runed translucent doors, Caerwyn's ghost, amateur GnVM
D:6 1 runed translucent door
D:14 exclusion: downstairs
Shoals:3 corrupted
Shoals:4 corrupted
Abyss:1 Bai Suzhen; Ilsuiw; Snorg


Innate Abilities, Weirdness & Mutations

You reflexively headbutt those who attack you in melee.
You have a pair of horns on your head.
You are clumsy. (Dex -2)
You are resistant to hostile enchantments. (MR+)
Your system is resistant to poisons. (rPois)


Message History

Your soldier ant poisons the merfolk javelineer!
The merfolk javelineer throws a silver javelin.
The silver javelin closely misses your soldier ant.
The silver javelin barely misses you.
You hear a splash.
The merfolk javelineer throws a javelin.
The javelin pierces through your soldier ant!
Your soldier ant dies!
Your soldier ant's corpse disappears in a puff of smoke!
The javelin pierces through you!
* * * LOW HITPOINT WARNING * * *
You hear a splash.
Your soldier ant stings the merfolk javelineer!
Evoke which item? (* to show all) (? for menu, Esc to quit)
You open the lid... ...and a mature fireweird beast leaps out!
The now-empty box falls apart.
The merfolk javelineer throws a silver javelin.
The silver javelin pierces through you.
You die...

≈≈≈≈≈≈≈≈≈≈≈≈≈≈≈≈≈≈≈≈≈≈
≈≈≈≈≈≈≈≈≈≈≈≈≈≈≈≈≈≈≈≈≈≈
≈≈≈≈≈≈≈≈≈≈≈≈≈≈≈≈≈≈≈≈≈≈≈≈≈≈≈≈≈≈≈
≈≈≈≈≈≈≈≈≈≈≈≈≈≈≈≈≈≈≈≈≈≈≈≈≈≈≈≈≈≈≈
≈≈≈≈≈≈(≈(≈≈(≈≈≈≈≈≈≈≈≈≈≈≈≈≈≈≈≈≈≈
≈≈≈≈≈≈≈(...≈≈≈≈≈≈≈≈≈≈≈≈≈≈≈≈≈≈≈≈
≈≈≈≈≈≈≈(.....≈≈≈≈≈≈≈≈≈≈≈≈≈≈≈≈≈#
≈≈≈≈≈≈.(.(....@≈≈≈≈≈≈≈≈≈≈≈≈≈≈#≈
≈≈≈≈≈≈....).H†#####≈≈≈≈≈≈≈≈P#≈≈
≈≈≈≈≈≈.....a§## #≈≈≈≈≈≈≈≈≈≈≈
≈≈≈≈≈≈....(mm# m #≈P≈P≈≈PP#≈≈
≈≈≈≈≈≈%....m.)(≈φ≈≈#≈≈≈≈≈≈PP≈#≈
≈≈≈.≈≈......(#m†≈≈≈#≈≈≈≈≈≈P≈≈≈#
#≈≈≈..≈....≈≈##.≈≈##....≈≈≈P≈≈≈
##≈.≈.≈≈≈≈≈≈≈≈#####......≈≈P≈≈P
#≈≈≈≈≈≈≈≈≈≈≈≈.≈≈........≈≈≈≈P≈


You could see 2 merfolk javelineers, a merfolk, a friendly mature fireweird
beast and a friendly soldier ant.

Vanquished Creatures
  Gastronok (D:10)
  An orc warlord (Orc:2)
  Azrael (D:14)
  3 vampire knights (D:15)
  4 merfolk javelineers
  Josephine (Orc:2)
  6 merfolk impalers
  Harold (D:9)
  7 hydras
  Fannar (D:12)
  2 catoblepae
  A death knight (D:10)
  2 merfolk avatars
  4 merfolk aquamancers
  2 centaur warriors
  4 tengu warriors
  4 death yaks (Lair:6)
  3 ogre magi (D:15)
  13 two-headed ogres
  7 orc high priests
  2 skeletal warriors
  An unseen horror (D:14)
  9 sea snakes
  A deep troll (D:13)
  A flayed ghost (D:14)
  6 harpies
  7 orc knights
  A deep elf mage (D:13)
  An iron dragon zombie (D:15)
  5 orc sorcerers
  11 manticores
  A stone giant skeleton (D:15)
  3 fauns (Shoals:1)
  8 elephants
  12 ugly things
  9 cyclopes
  5 black mambas
  5 merfolk sirens
  2 ice statues (IceCv)
  2 water nymphs (Shoals:4)
  Joseph (D:10)
  A torpor snail (Lair:4)
  2 centaur skeletons
  6 spiny frogs
  7 komodo dragons
  3 rime drakes
  A kobold demonologist (D:14)
  A freezing wraith (D:14)
  A yaktaur (D:7)
  9 ice devils (IceCv)
  2 tengu conjurers (D:14)
  3 meliai (D:13)
  A hornet (shapeshifter) (D:14)
  A hornet (D:11)
  7 trolls
  27 merfolk
  A polar bear (Lair:3)
  A wandering mushroom (Lair:3)
  2 wind drakes (Shoals:4)
  19 hippogriffs
  7 snapping turtles
  23 blink frogs
  8 dream sheep
  4 wyverns
  A fire dragon skeleton (D:15)
  5 wraiths (Orc:2)
  A basilisk (shapeshifter) (Depths:1)
  6 water elementals
  3 hogs (D:7)
  A vampire (D:14)
  14 humans
  54 yaks
  3 hungry ghosts
  A neqoxec (Abyss:4)
  8 vampire mosquitoes
  2 nagas (Lair:4)
  A fire elemental (D:14)
  3 wargs
  2 acid dragons
  2 hell hounds (D:14)
  9 porcupines
  13 water moccasins
  57 orc warriors
  12 ice beasts
  A hornet zombie (D:11)
  2 sky beasts
  A black bear (D:10)
  5 phantoms
  4 necrophages
  16 centaurs
  9 wolves
  19 ogres
  17 crocodiles
  6 big kobolds
  23 bullfrogs
  3 scorpions
  5 killer bees (D:12)
  3 wights (D:11)
  A howler monkey (D:7)
  2 electric eels (Lair:5)
  2 centaur zombies
  10 crimson imps
  A quasit (D:9)
  2 gnoll shamans (D:5)
  29 orc priests
  Crazy Yiuf (D:7)
  9 hounds
  3 bullfrog skeletons
  2 iguanas
  4 worker ants
  37 orc wizards
  2 hell rats (Lair:4)
  A hound zombie (D:9)
  3 hound skeletons
  A worker ant zombie (D:8)
  12 adders
  16 gnolls
  A howler monkey skeleton (D:6)
  7 river rats (Lair:4)
  4 shadow imps
  9 white imps (IceCv)
  5 ufetubi (IceCv)
  An ooze (D:1)
  An adder skeleton (D:9)
  A worm (D:2)
  A dart slug (D:2)
  5 leopard geckos
  124 orcs
  A ball python (D:2)
  14 bats
  3 giant cockroaches
  7 goblins
  9 hobgoblins
  6 jackals
  20 kobolds
  3 quokkas
  4 frilled lizards
  2 leopard gecko skeletons (D:7)
  A leopard gecko zombie (D:7)
  11 rats
  3 fungi
  18 plants
1009 creatures vanquished.

Vanquished Creatures (collateral kills)
  A harpy (Shoals:4)
  A komodo dragon (Lair:6)
2 creatures vanquished.

Vanquished Creatures (others)
  Polyphemus (Shoals:3)
  A kraken (Shoals:3)
  A reaper (IceCv)
  A merfolk javelineer (Shoals:4)
  2 merfolk impalers
  A hydra (D:11)
  3 alligator snapping turtles
  A catoblepas (Shoals:3)
  A centaur warrior (D:14)
  3 death yaks (Shoals:3)
  A satyr (Shoals:4)
  2 sea snakes
  A tengu zombie (D:15)
  An unseen horror (D:13)
  6 harpies
  A necromancer (D:15)
  A faun (Shoals:1)
  An ugly thing (D:14)
  6 manticores
  5 merfolk sirens
  A water nymph (Shoals:4)
  An efreet (D:14)
  4 merfolk
  A hornet (D:13)
  2 wind drakes (Shoals:4)
  A blink frog (Lair:4)
  A hippogriff (Lair:5)
  A snapping turtle (Shoals:2)
  4 yaks
  A water elemental (Shoals:3)
  A basilisk (Lair:4)
  2 humans (D:13)
  A hell hound (D:14)
  A bullfrog zombie (D:12)
  An iguana (D:8)
  2 white imps (IceCv)
  4 ufetubi (IceCv)
  A quokka (D:8)
  A kobold (D:12)
  A bush (Lair:6)
  5 fungi
  13 plants
  4 starspawn tentacles (Shoals:3)
  24 tentacles
118 creatures vanquished.

Grand Total: 1129 creatures vanquished

Notes
Turn   | Place    | Note
-------+----------+-------------------------------------------
     0 | Abyss:1  | porkupine the Minotaur Abyssal Knight began the quest for
                  | the Orb.
     0 | Abyss:1  | Reached XP level 1. HP: 19/19 MP: 1/1
    49 | Abyss:1  | Noticed a smoke demon
    67 | D:1      | Escaped the Abyss
   339 | D:1      | Noticed a wolf
   339 | D:1      | Noticed a wyvern
   339 | D:1      | Noticed a swamp worm
   339 | D:1      | Noticed an iguana
   520 | D:1      | Reached * piety under Lugonu
   520 | D:1      | Reached XP level 2. HP: 27/27 MP: 2/2
   989 | D:1      | Reached skill level 3 in Polearms
   989 | D:1      | Reached XP level 3. HP: 34/34 MP: 3/3
  1356 | D:2      | Found a stormy altar of Qazlal.
  1416 | D:2      | Found a hazy altar of Hepliaklqana.
  1543 | D:2      | Reached XP level 4. HP: 27/41 MP: 4/4
  1547 | D:2      | Reached skill level 5 in Fighting
  2183 | D:3      | Reached skill level 4 in Polearms
  2183 | D:3      | Reached XP level 5. HP: 45/48 MP: 5/5
  2184 | D:3      | Reached ** piety under Lugonu
  2733 | D:4      | Noticed a phantom
  2762 | D:4      | Killed a phantom
  2762 | D:4      | Reached XP level 6. HP: 31/56 MP: 6/6
  2963 | D:4      | Reached skill level 5 in Polearms
  3048 | D:4      | Found a runed translucent gate.
  3048 | D:4      | Found a runed translucent gate.
  3049 | D:4      | Found a runed translucent gate.
  3050 | D:4      | Noticed Caerwyn's ghost (amateur GnVM)
  3188 | D:4      | Found a roughly hewn altar of Beogh.
  3225 | D:5      | Entered Level 5 of the Dungeon
  3287 | D:5      | Reached skill level 5 in Armour
  3590 | D:5      | Reached skill level 1 in Stealth
  3590 | D:5      | Reached XP level 7. HP: 59/62 MP: 7/7
  3627 | D:5      | Reached skill level 6 in Polearms
  4061 | D:5      | Found Qyesmam's Jewellery Emporium.
  4333 | D:6      | Found a glowing golden altar of the Shining One.
  4334 | D:6      | Found a runed translucent door.
  4334 | D:6      | Noticed an angel
  4364 | D:6      | Reached skill level 7 in Polearms
  4479 | D:6      | Found a shadowy altar of Dithmenos.
  4493 | D:6      | Reached *** piety under Lugonu
  4493 | D:6      | Reached XP level 8. HP: 70/70 MP: 8/8
  4636 | D:6      | You fall into a shaft and drop 1 floor!
  4751 | D:7      | Reached skill level 8 in Polearms
  4798 | D:7      | Found a staircase to the Ecumenical Temple.
  5213 | D:7      | Found a flagged portal.
  5232 | Bailey   | Entered a bailey
  5451 | Bailey   | Noticed an orc knight
  5567 | Bailey   | HP: 3/71 [orc warrior/+0 halberd (18)]
  6315 | Bailey   | Killed an orc knight
  6315 | Bailey   | Reached skill level 9 in Polearms
  6513 | Bailey   | Reached XP level 9. HP: 67/79 MP: 9/9
  6746 | D:7      | Noticed a yaktaur
  6757 | D:7      | Killed a yaktaur
  6857 | D:7      | Reached skill level 10 in Polearms
  6861 | D:7      | Reached skill level 1 in Crossbows
  6906 | D:7      | Noticed a manticore
  6914 | D:7      | Killed a manticore
  6914 | D:7      | Reached skill level 1 in Shields
  7000 | D:7      | Noticed a brown ugly thing
  7013 | D:7      | Killed a brown ugly thing
  7013 | D:7      | Reached skill level 11 in Polearms
  7071 | D:7      | Noticed a troll
  7076 | D:7      | Killed a troll
  7076 | D:7      | Reached XP level 10. HP: 89/89 MP: 10/10
  7082 | D:7      | Got a crude platinum ring
  7088 | D:7      | Identified the ring of Nihirgh {+Inv rPois rF+ rN+ Str-4}
                  | (You found it on level 7 of the Dungeon)
  7178 | D:7      | Found a runed translucent door.
  7179 | D:7      | Noticed Crazy Yiuf
  7187 | D:7      | Killed Crazy Yiuf
  7187 | D:7      | Reached **** piety under Lugonu
  7277 | D:7      | Reached skill level 1 in Axes
  7391 | D:8      | Found a shattered altar of Ashenzari.
  7460 | D:8      | Found a shimmering altar of Xom.
  7551 | D:8      | Got a scorched broad axe
  7552 | D:8      | Identified the +7 broad axe "Enuthogg" {protect, *Drain
                  | +Rage +Fly Int-5} (You found it on level 8 of the Dungeon)
  7634 | D:8      | Reached skill level 12 in Polearms
  7921 | D:8      | Noticed a six-headed hydra
  7931 | D:8      | Killed a ten-headed hydra
  7931 | D:8      | Reached skill level 10 in Armour
  8432 | D:9      | Reached skill level 1 in Evocations
  8433 | D:9      | Found Pierit's Book Shoppe.
  8631 | D:9      | Noticed Harold
  8660 | D:9      | Killed Harold
  8660 | D:9      | Reached skill level 5 in Axes
  8706 | D:9      | Reached XP level 11. HP: 78/97 MP: 12/12
  8891 | D:9      | Found a staircase to the Orcish Mines.
  8905 | D:9      | Reached ***** piety under Lugonu
  9138 | D:10     | Entered Level 10 of the Dungeon
  9302 | D:10     | Found a staircase to the Lair.
  9345 | D:10     | Noticed a green ugly thing
  9353 | D:10     | Killed a green ugly thing
  9358 | D:10     | Noticed Gastronok
  9388 | D:10     | Killed Gastronok
  9947 | D:10     | Noticed a death knight
  9978 | D:10     | Killed a death knight
 10043 | D:10     | Noticed Joseph
 10352 | D:10     | Killed Joseph
 10700 | D:11     | Noticed a two-headed ogre
 10703 | D:11     | Killed a two-headed ogre
 10738 | D:11     | Found an opulent altar of Gozag.
 10799 | D:11     | Reached XP level 12. HP: 106/106 MP: 14/14
 10900 | D:11     | Noticed a five-headed hydra
 10913 | D:11     | Killed a 12-headed hydra
 10913 | D:11     | Reached skill level 5 in Invocations
 11084 | D:11     | Found a frozen archway.
 11116 | D:11     | Reached ****** piety under Lugonu
 11123 | D:11     | Reached skill level 10 in Axes
 11133 | IceCv    | Entered an ice cave
 11526 | IceCv    | Reached skill level 10 in Fighting
 11579 | IceCv    | Killed a reaper
 11670 | IceCv    | Got a pair of warped boots
 11736 | IceCv    | Identified the cursed +0 pair of boots of Divine Compulsion
                  | {+Fly} (You found it in an ice cave)
 11738 | IceCv    | Identified a +1 pair of boots of running (You found it in
                  | an ice cave)
 12197 | IceCv    | Identified a +9 halberd of distortion (a +7 halberd
                  | corrupted by Lugonu)
 12197 | IceCv    | Received a gift from Lugonu
 12325 | IceCv    | Reached skill level 5 in Evocations
 12675 | D:11     | Gained mutation: You are clumsy. (Dex -2) [potion of
                  | mutation]
 12675 | D:11     | Gained mutation: Your system is resistant to poisons.
                  | (rPois) [potion of mutation]
 12675 | D:11     | Gained mutation: You are resistant to hostile enchantments.
                  | (MR+) [potion of mutation]
 12887 | D:11     | Noticed a six-headed hydra
 13166 | D:11     | Banished a 14-headed hydra
 13518 | D:12     | Noticed Snorg
 13549 | D:12     | Noticed Fannar
 13571 | D:12     | Killed Fannar
 13827 | D:12     | Banished Snorg
 14085 | D:12     | Reached skill level 13 in Polearms
 14771 | D:13     | Noticed a tengu warrior
 14776 | D:13     | Noticed a tengu warrior
 14789 | D:13     | Found Zirust's Distillery.
 14802 | D:13     | Killed a tengu warrior
 14802 | D:13     | Reached XP level 13. HP: 114/114 MP: 17/17
 15165 | D:13     | HP: 5/114 [meliai/+0 war axe (3)]
 16123 | Orc:1    | Entered Level 1 of the Orcish Mines
 16123 | Orc:1    | Found Afutul's Assorted Antiques.
 16583 | Orc:1    | Found a roughly hewn altar of Beogh.
 16975 | Orc:2    | Entered Level 2 of the Orcish Mines
 16991 | Orc:1    | Reached skill level 5 in Shields
 17956 | Orc:2    | Found a roughly hewn altar of Beogh.
 17992 | Orc:2    | Noticed Josephine
 18002 | Orc:2    | Killed Josephine
 18182 | Orc:2    | Found a staircase to the Elven Halls.
 19500 | Orc:2    | Reached XP level 14. HP: 114/124 MP: 19/19
 19527 | Orc:2    | Noticed an orc warlord
 19551 | Orc:2    | Killed an orc warlord
 19963 | Orc:2    | Found Pacass's General Store.
 19964 | Orc:2    | Found Koahul's Jewellery Shoppe.
 19965 | Orc:2    | Found Wudug's Antique Armour Shoppe.
 19965 | Orc:2    | Found Sienusur's Antique Weapon Emporium.
 19979 | Orc:2    | Bought a potion of heal wounds for 70 gold pieces
 19979 | Orc:2    | Bought a potion of heal wounds for 70 gold pieces
 19980 | Orc:2    | Bought the cursed necklace of Bloodlust {*Rage +Rage MR++
                  | Int-3 Slay+6 *Curse} for 968 gold pieces
 19980 | Orc:2    | Found the cursed necklace of Bloodlust {*Rage +Rage MR++
                  | Int-3 Slay+6 *Curse}
 20198 | Lair:1   | Entered Level 1 of the Lair of Beasts
 21642 | Orc:2    | Bought a pair of jewelled boots for 171 gold pieces
 21642 | Orc:2    | Bought a shiny buckler for 135 gold pieces
 21670 | Orc:2    | Identified the +2 pair of boots of Koiblaidgh {Dex+4} (You
                  | bought it in a shop on level 2 of the Orcish Mines)
 24074 | Lair:4   | Found a staircase to the Shoals.
 24307 | Lair:4   | Found a staircase to the Snake Pit.
 24948 | Lair:5   | Reached skill level 14 in Polearms
 25230 | Lair:5   | Found a staircase to the Slime Pits.
 25485 | Lair:6   | Entered Level 6 of the Lair of Beasts
 25683 | Lair:6   | Reached skill level 1 in Staves
 25692 | Lair:6   | Reached XP level 15. HP: 76/133 MP: 20/20
 26718 | Lair:6   | Reached skill level 15 in Polearms
 27038 | Shoals:1 | Entered Level 1 of the Shoals
 27842 | D:13     | Bought a potion of heal wounds for 70 gold pieces
 28104 | D:14     | Found a gate to the Vaults.
 29870 | D:14     | Noticed Azrael
 29882 | D:14     | Killed Azrael
 29967 | D:14     | Reached skill level 16 in Polearms
 29994 | D:14     | Found Unnec's Assorted Antiques.
 30183 | D:15     | Entered Level 15 of the Dungeon
 30183 | D:15     | Found a staircase to the Depths.
 30453 | D:14     | Reached skill level 1 in Throwing
 31320 | D:14     | Reached XP level 16. HP: 135/145 MP: 22/22
 31359 | D:14     | Reached skill level 10 in Evocations
 31747 | D:15     | Found a blossoming altar of Fedhas.
 32471 | Depths:1 | Entered Level 1 of the Depths
 32483 | Depths:1 | Found a gateway to a ziggurat.
 33875 | Shoals:1 | Noticed a kraken
 34070 | Shoals:2 | Reached skill level 15 in Armour
 34731 | Shoals:2 | Cast into level 2 of the Abyss (merfolk)
 34772 | Abyss:3  | Found a corrupted altar of Lugonu.
 34832 | Abyss:4  | Noticed a Hell Sentinel
 34846 | Shoals:2 | Escaped the Abyss
 35304 | Shoals:2 | Reached skill level 17 in Polearms
 36000 | Shoals:3 | Noticed Polyphemus
 36020 | Shoals:3 | Corrupted Shoals:3
 36020 | Shoals:3 | Noticed a tentacled starspawn
 36022 | Shoals:3 | HP: 5/147 [something (22)]
 36476 | Shoals:3 | Killed Polyphemus
 36523 | Shoals:3 | Noticed a kraken
 36530 | Shoals:3 | Banished a kraken
 36530 | Shoals:3 | Reached skill level 15 in Fighting
 36619 | Shoals:3 | Noticed a kraken
 36628 | Shoals:3 | Banished a kraken
 36668 | Shoals:3 | Noticed Bai Suzhen
 36674 | Shoals:3 | Banished Bai Suzhen
 36903 | Shoals:4 | Entered Level 4 of the Shoals
 36903 | Shoals:4 | Found Ominkifi's Jewellery Boutique.
 36920 | Shoals:4 | Corrupted Shoals:4
 36920 | Shoals:4 | Noticed a bone dragon
 36925 | Shoals:4 | Noticed Ilsuiw
 37489 | Shoals:4 | Noticed a tentacled starspawn
 37956 | Shoals:4 | Banished Ilsuiw
 37964 | Shoals:4 | Reached XP level 17. HP: 156/156 MP: 23/23
 38179 | Shoals:4 | Bought the ring "Esapp" {*Drain rElec rF+ rN++ Int+4} for
                  | 732 gold pieces
 38257 | Shoals:4 | Identified Narraiku's Papyrus of Frigorific Enchantment
 38901 | Shoals:4 | HP: 5/158 [merfolk javelineer/silver javelin (22)]
 38901 | Shoals:4 | HP: 2/158 [merfolk javelineer/silver javelin (3)]
 38906 | Shoals:4 | HP: 5/158 [merfolk javelineer/javelin (6)]
 38907 | Shoals:4 | HP: 1/158 [merfolk javelineer/javelin (7)]
 38908 | Shoals:4 | Hit by a silver javelin thrown by a merfolk javelineer

Levels and vault maps discovered:
D:1:      onia_arrival_zoo_common, layout_basic, serial_bayou_lagoon_a
D:2:      layout_loops_cross, overflow_temple_1_default, grunt_qazlal_sundering,
          first_ration, minmay_misc_feat_cross, minmay_misc_feat_encased
D:3:      layout_basic, minmay_misc_feat_secret_circle, minivault_14
D:4:      layout_rooms, biasface_ghost_orc_armoury
D:5:      layout_cave_pools, serial_shops, shop, st_stairs_14
D:6:      layout_basic, nicolae_dithmenos_the_darkroom, grunt_decor_cap,
          lemuel_angel_altar
D:7:      minmay_the_grid_plus_closed [minmay_the_grid_outer_diamond,
          minmay_the_grid_odd_star, minmay_the_grid_minigrid_small,
          minmay_the_grid_eight, minmay_the_grid_prize_shrinking_boxes],
          layout_loops_cross, minmay_temple_entry_large_hall, enter_bailey_2,
          grunt_livestock, uniq_crazy_yiuf_cottage
D:8:      layout_basic, xom_confusion_cloud, basic_altar, minmay_manual_mail
D:9:      layout_roguey, hiddenorc2_lemuel, serial_shops, shop_statue,
          uniq_harold
D:10:     layout_roguey, dpeg_oklobed_lair, minmay_pinched_square, uniq_joseph,
          uniq_gastronok
D:11:     layout_roguey, portal_ice_cave_entry_ice_beasts, grunt_ministairs_13,
          nicolae_gozag_cash_rules_everything_around_me
D:12:     layout_cave_pools, uniq_snorg, uniq_fannar
D:13:     layout_basic, serial_shops, nicolae_shop_waterfront
D:14:     layout_gridville, david_vaults_3, serial_shops, kennysheep_mini,
          minmay_misc_feat_roman, uniq_azrael
D:15:     gammafunk_depths_entry_grave, layout_cross, fedhas_altar_3
Lair:1:   layout_layer_cave, roderic_batcave, grunt_megastairs_2
Lair:2:   layout_cave_pods, st_stairs_12, grunt_megastairs_4,
          lemuel_fruit_fields
Lair:3:   layout_concentric_octagons, gauntlet_entry_generic, lemuel_fruit_tree,
          minmay_lair_oklob_chamber, grunt_megastairs_3
Lair:4:   layout_gridlike, minmay_shoals_entry_beasts,
          guppyfry_snake_entry_island, kennysheep_abandoned_house
Lair:5:   layout_regular_city, slime_dummy, minivault_24, serial_bayou_shore_a,
          infiniplex_staircase_pool_2, grunt_megastairs_1
Lair:6:   evilmike_catoblepas_cave, layout_misc_corridors, serial_bayou_shore_b
Shoals:1: layout_shoals, uniq_frances
Shoals:2: layout_shoals, nicolae_shoals_flooded_hall
Shoals:3: layout_shoals, uniq_polyphemus, uniq_bai_suzhen
Shoals:4: shoals_end_simple, layout_shoals, shoal_ilsuiw, serial_shops,
          nicolae_shop_stone, argonaut_gorgonesque
Orc:1:    layout_diamond_mine, serial_shops, shop_fountains, minmay_orc_temple_c
Orc:2:    st_orc_congregation, layout_caves, basic_altar, uniq_josephine
Depths:1: layout_basic, enter_ziggurat_a, rand_demon_pan_entry_3,
          serial_sigils_hangedman_quiver, hell_entry, minmay_misc_feat_rugged,
          hangedman_glass_teeth, ldierk_geyser, minmay_misc_feat_rows,
          minmay_guarded_unrand_vampires_tooth, uniq_sojobo

Skill      XL: |  1  2  3  4  5  6  7  8  9 10 11 12 13 14 15 16 17 |
---------------+----------------------------------------------------+-----
Fighting       | 4 5 6 7 8 9 10 11 12 13 15 | 15.8
Polearms       | 3 4 5 7 9 11 12 13 14 16 17 | 17.4
Armour         | 3 4 5 6 8 9 10 11 12 13 14 15 16 | 16.2
Stealth        | 1 2 3 |  3.3
Dodging        | 2 3 4 |  4.4
Crossbows      | 2 3 |  3.0
Shields        | 1 2 4 5 6 |  6.6
Axes           | 5 9 10 12 13 | 13.6
Evocations     | 2 4 5 7 8 9 10 | 10.0
Invocations    | 2 4 7 8 9 |  9.7
Staves         | 1 2 3 |  3.1
Throwing       | 1 |  1.4

Action                   |  1- 3 |  4- 6 |  7- 9 | 10-12 | 13-15 | 16-18 || total
-------------------------+-------+-------+-------+-------+-------+-------++-------
Melee: Spear             |   108 |   157 |    77 |       |       |       ||   342
       Headbutt          |     9 |    25 |    16 |   126 |   184 |    49 ||   409
       Halberd           |       |       |   168 |   215 |   723 |   604 ||  1710
       Broad axe         |       |       |       |   569 |   628 |       ||  1197
       War axe           |       |       |       |    11 |       |       ||    11
       Quarterstaff      |       |       |       |       |    33 |     5 ||    38
 Fire: Arbalest          |       |       |     5 |       |       |       ||     5
Throw: Dart              |       |       |     2 |     3 |    15 |     1 ||    21
       Throwing net      |       |       |       |       |     1 |     1 ||     2
       Boomerang         |       |       |       |       |       |     2 ||     2
Invok: Depart the Abyss  |     1 |       |       |       |       |     1 ||     2
       Banish            |       |       |       |     3 |       |     5 ||     8
       Bend Space        |       |       |       |     1 |     2 |     4 ||     7
       Brand Weapon With |       |       |       |     1 |       |       ||     1
       Corrupt           |       |       |       |       |       |     2 ||     2
 Abil: Stop Flying       |       |       |     2 |       |       |       ||     2
       Evoke Flight      |       |       |     1 |       |       |     1 ||     2
       Evoke Berserk Rag |       |       |       |     4 |     4 |       ||     8
       Evoke Invisibilit |       |       |       |     1 |     2 |     2 ||     5
Evoke: Lightning rod     |       |       |       |     3 |     1 |       ||     4
       Wand              |       |       |       |     1 |     7 |    10 ||    18
       Lamp of fire      |       |       |       |       |     2 |       ||     2
       Phantom mirror    |       |       |       |       |     1 |       ||     1
       Box of beasts     |       |       |       |       |       |     1 ||     1
       Sack of spiders   |       |       |       |       |       |     1 ||     1
  Use: Scroll            |     2 |     2 |     5 |    20 |     9 |     4 ||    42
       Potion            |       |       |     1 |    17 |     5 |     8 ||    31
 Stab: Distracted        |       |       |     1 |       |       |     1 ||     2
       Invisible         |       |       |       |     2 |     3 |     3 ||     8
  Eat: Chunk             |     2 |     6 |     8 |    22 |    46 |     7 ||    91
       Ration            |       |       |     1 |     6 |     4 |     7 ||    18
Armor: Ring mail         |    19 |    13 |       |       |       |       ||    32
       Chain mail        |       |    35 |    33 |       |       |       ||    68
       Plate armour      |       |       |     9 |       |   970 |   509 ||  1488
       Crystal plate arm |       |       |    38 |   756 |       |       ||   794
       Skin              |       |       |       |    32 |       |       ||    32
Dodge: Dodged            |    31 |    37 |    59 |    56 |   398 |   230 ||   811
Block: Shield            |       |       |    13 |   221 |   244 |       ||   478
       Buckler           |       |       |       |       |    22 |       ||    22
